 Dungeon Crawl Stone Soup version 0.30.1-11-g7821555f0a (webtiles) character file.

Game seed: 15286370511270600344

88 jagang the Slasher (level 4, 0/36 HPs)
             Began as a Human Monk on Dec 21, 2023.
             Slain by a goblin
             ... wielding a +0 dagger
             ... led by Robin
              (1 damage)
             ... on level 2 of the Dungeon.
             The game lasted 00:02:56 (1275 turns).

jagang the Slasher (Human Monk)                     Turns: 1275, Time: 00:02:57

Health: 0/36       AC:  3    Str: 12    XL:     4   Next: 81%
Magic:  4/4        EV: 12    Int: 10    God:
Gold:   117        SH:  0    Dex: 17    Spells: 3/3 levels left

rFire   . . .        f - +0 long sword
rCold   . . .        d - orb {light}
rNeg    . . .        e - +0 leather armour
rPois   .            a - +0 hat
rElec   .            (no cloak)
rCorr   .            (no gloves)
SInv    .            (no boots)
Will    .....        (no amulet)
Stlth   +            (no ring)
HPRegen 0.26/turn    (no ring)
MPRegen 0.09/turn

%: no passive effects
@: glowing
A: no striking features
a: no special abilities


You were on level 2 of the Dungeon.
You visited 1 branch of the dungeon, and saw 3 of its levels.

You collected 117 gold pieces.

Inventory:

Hand Weapons
 f - a +0 long sword (weapon)
Missiles
 o - 4 atropa-tipped darts (quivered)
Armour
 a - a +0 hat (worn)
 b - a +0 robe
 d - an orb of light (worn)
 e - a +0 leather armour (worn)
Jewellery
 h - an amulet of magic regeneration
 j - a ring of wizardry
Scrolls
 g - a scroll of poison {unknown}
 i - a scroll of noise {unknown}
 k - a scroll of fog {unknown}
 n - 2 scrolls of identify {unknown}
 p - a scroll of enchant weapon {unknown}
 s - a scroll of amnesia {unknown}
Potions
 c - a potion of ambrosia
 l - a potion of brilliance {unknown}
 m - a potion of degeneration {unknown}
 q - a potion of curing {unknown}
 r - a potion of lignification {unknown}


   Skills:
 + Level 3.6 Fighting
 * Level 4.2 Long Blades
 + Level 1.7 Armour
 - Level 3.0 Dodging


You had 3 spell levels left.
You didn't know any spells.
Your spell library contained the following spells:

 Spells                   Type           Power      Damage    Failure   Level
 Hailstorm                Conj/Ice       0%         3d3       82%         3
 Ozocubu's Armour         Ice            0%         N/A       82%         3
 Ice Form                 Ice/Tmut       0%         N/A       99%         4
 Simulacrum               Ice/Necr       0%         N/A       100%        6
 Ozocubu's Refrigeration  Ice            0%         4d7       100%        7


Dungeon Overview and Level Annotations

Branches:
Dungeon (3/15)

Altars:

Annotations:
D:3 Robin


Message History

You slash the goblin!
You kill the goblin!
Robin roars a battlecry!
The goblins go into a battle-frenzy!
You hear a shout!
You slash the goblin!
You kill the goblin!
The goblin hits you with a +4 dagger! Robin throws the goblin at you!
The goblin hits you with a +0 club. The goblin closely misses you.
The goblin hits you with a +4 dagger.
You climb upwards.
There is a stone staircase leading down here.
You hit the goblin.
The goblin is severely wounded.
The goblin hits you but does no damage. The goblin hits you with a +0 club.
The goblin hits you with a +4 dagger.
You slash the goblin!
You kill the goblin!
The goblin hits you with a +0 dagger.
* * * LOW HITPOINT WARNING * * *
The goblin closely misses you. The goblin misses you.
The goblin hits you with a +0 club.
* * * LOW HITPOINT WARNING * * *
You completely miss the goblin. The goblin hits you with a +0 dagger.
* * * LOW HITPOINT WARNING * * *
The goblin closely misses you.
You barely miss the goblin. The goblin hits you with a +0 dagger.
* * * LOW HITPOINT WARNING * * *
The goblin hits you with a +0 club.
* * * LOW HITPOINT WARNING * * *
You barely miss the goblin. The goblin barely misses you.
The goblin hits you but does no damage.
You hit the goblin.
The goblin is severely wounded.
The goblin closely misses you. The goblin hits you with a +0 club.
* * * LOW HITPOINT WARNING * * *
You barely miss the goblin.
The goblin is severely wounded.
The goblin hits you with a +0 dagger.
You die...

...######.#..................###
##.####..............#.#.......#
.....##................#..#....#
###...#####..........).......###
##....###........)#.........#
#.........#................#
######.###...#................#
...# #.....#...).....#........#
##.# ##....#..>g@...##........#
#.## #....#.....g...#........#
#..###..............#........#
##..#####.#.........##..###.##
###.####..#.##.....###..# #.#
##........#........## #..# #.#
..)#.###.....##.##<.# #..# #.#
####.##......##.###.###..# #.# #
#.#..>...........##...# #.#


You could see 2 goblins.

Vanquished Creatures
  Jessica (D:2)
  An adder (D:2)
  A worm (D:2)
  2 dart slugs
  4 bats
  5 endoplasms
  5 goblins
  4 hobgoblins
  3 quokkas
  2 ball pythons (D:1)
  2 frilled lizards (D:1)
  7 kobolds
  6 rats
43 creatures vanquished.

Notes
Turn   | Place    | Note
-------+----------+-------------------------------------------
     0 | D:1      | jagang the Human Monk began the quest for the Orb.
     0 | D:1      | Reached XP level 1. HP: 18/18 MP: 1/1
   178 | D:1      | Reached XP level 2. HP: 24/24 MP: 2/2
   334 | D:1      | Reached skill level 1 in Armour
   334 | D:1      | Reached XP level 3. HP: 29/29 MP: 3/3
   538 | D:1      | Found a faded altar of an unknown god.
   925 | D:2      | Reached XP level 4. HP: 35/35 MP: 4/4
  1088 | D:2      | Noticed Jessica
  1093 | D:2      | Killed Jessica
  1094 | D:2      | Reached skill level 4 in Long Blades
  1258 | D:3      | Noticed Robin
  1274 | D:2      | HP: 1/36 [goblin/+0 club[Robin] (3)]
  1275 | D:2      | Slain by a goblin

Illustrated notes

Levels and vault maps discovered:
D:1:      dpeg_arrival_boxes_within_box, layout_rooms,
          chequers_ecumenical_altar_grove, kennysheep_nondescript,
          minmay_misc_feat_plants, st_stairs_3
D:2:      layout_rooms, uniq_jessica
D:3:      layout_basic, marbit_many_paths, serial_shops, shop, uniq_robin

Skill      XL: |  1  2  3  4 |
---------------+-------------+-----
Armour         | 1 |  1.7
Long Blades    | 4 |  4.2
Fighting       | |  3.6
Dodging        | |  3.0

Action                     |  1- 3 |  4- 6 || total
---------------------------+-------+-------++-------
  Melee: Long sword        |    57 |    28 ||    85
 Armour: Leather armour    |    12 |     4 ||    16
  Dodge: Dodged            |    46 |    21 ||    67
